 Dungeon Crawl Stone Soup version 0.28.0-47-ge53b351184 (webtiles) character file.

Game seed: 15863687434629819966

83 Ablot the Cutter (level 4, -6/41 HPs)
             Began as a Gnoll Chaos Knight on Apr 27, 2022.
             Was a Plaything of Xom.
             Mangled by a phantom (13 damage)
             ... on level 4 of the Dungeon.
             The game lasted 00:02:28 (2626 turns).

Ablot the Cutter (Gnoll Chaos Knight)               Turns: 2626, Time: 00:02:28

Health: -6/41      AC:  6    Str: 14      XL:     4   Next: 44%
Magic:  5/5        EV: 11    Int: 11      God:    Xom [...*..]
Gold:   144        SH:  0    Dex:  3 (11) Spells: 5/5 levels left

rFire   . . .      SeeInvis .   a - +0 short sword (chaos)
rCold   . . .      Faith    .   (no shield)
rNeg    . . .      Spirit   .   b - +2 leather armour
rPois   .          Reflect  .   (no helmet)
rElec   .          Harm     .   (no cloak)
rCorr   .          Rampage  .   g - +0 pair of gloves
Will    .....                   (no boots)
Stlth   +.........              (no amulet)
HPRegen 0.13/turn               (no ring)
MPRegen 0.09/turn               (no ring)

@: no status effects
A: fangs 1, strong nose, distributed training, deterioration 2, screaming 1
a: Renounce Religion


You were on level 4 of the Dungeon.
You worshipped Xom.
You were a favourite toy of Xom.
You visited 1 branch of the dungeon, and saw 4 of its levels.

You collected 144 gold pieces.

Inventory:

Hand Weapons
 a - a +0 short sword of chaos (weapon)
Missiles
 c - 197 stones
 d - 20 sling bullets
 e - 2 javelins
 f - 44 arrows
 n - 18 bolts
 o - 5 poisoned darts (quivered)
Armour
 b - a +2 leather armour (worn)
 g - a +0 pair of gloves (worn)
Scrolls
 h - a scroll of teleportation {unknown}
 j - 2 scrolls of enchant armour {unknown}
 k - a scroll of magic mapping {unknown}
 m - a scroll of identify {unknown}
 p - a scroll of blinking {unknown}
 s - a scroll of acquirement {unknown}
Potions
 i - a potion of experience {unknown}
 l - 3 potions of curing {unknown}
 q - a potion of haste {unknown}
 r - a potion of brilliance {unknown}


   Skills:
 + Level 6.6 Fighting
 + Level 6.6 Short Blades
 + Level 1.1 Long Blades
 + Level 1.1 Axes
 + Level 1.1 Maces & Flails
 + Level 1.1 Polearms
 + Level 1.1 Staves
 + Level 1.1 Slings
 + Level 1.1 Bows
 + Level 1.1 Crossbows
 + Level 1.1 Throwing
 + Level 4.6 Armour
 + Level 2.7 Dodging
 + Level 1.1 Stealth
 + Level 1.1 Shields
 + Level 1.1 Unarmed Combat
 + Level 1.1 Spellcasting
 + Level 0.9 Conjurations
 + Level 0.9 Hexes
 + Level 0.9 Summonings
 + Level 0.9 Necromancy
 + Level 0.9 Translocations
 + Level 0.9 Transmutations
 + Level 0.9 Fire Magic
 + Level 0.9 Ice Magic
 + Level 0.9 Air Magic
 + Level 0.9 Earth Magic
 + Level 0.9 Poison Magic
 + Level 1.2 Invocations
 + Level 1.1 Evocations


You had 5 spell levels left.
You didn't know any spells.
Your spell library was empty.

Dungeon Overview and Level Annotations

Branches:
Dungeon (4/15)
 Temple: D:4-7

Altars:
Qazlal


Innate Abilities, Weirdness & Mutations

You have very sharp teeth.
Your uncanny sense of smell can sniff out nearby items.
Your experience applies equally to all skills.
Your body often deteriorates upon taking damage.
You occasionally shout uncontrollably at your foes.


Message History

The phantom is almost destroyed.
The phantom closely misses you.
You closely miss the phantom.
The phantom is almost destroyed.
The phantom barely misses you.
You barely miss the phantom.
The phantom is almost destroyed.
The phantom hits you!
Your body deteriorates!
You feel clumsy.
The phantom blinks!
You blink.
Found a ring of the Octopus King.
You closely miss the phantom.
The phantom is almost destroyed.
The phantom barely misses you.
You completely miss the phantom.
The phantom is almost destroyed.
You hit the phantom.
The phantom is almost destroyed.
The phantom hits you.
The phantom blinks!
You blink.
You closely miss the phantom. Your bite misses the phantom.
The phantom is almost destroyed.
The phantom barely misses you.
You closely miss the phantom.
The phantom is almost destroyed.
The phantom hits you!
The phantom blinks!
You blink.
You are too injured to fight recklessly!
You are too injured to fight recklessly!
You are too injured to fight recklessly!
You are too injured to fight recklessly!
You are too injured to fight recklessly!
You barely miss the phantom. Your bite misses the phantom.
The phantom is almost destroyed.
A phantom is nearby!
You barely miss the phantom. Your bite misses the phantom.
The phantom is almost destroyed.
The phantom hits you!
* * * LOW HITPOINT WARNING * * *
You hit the phantom but do no damage.
The phantom is almost destroyed.
The phantom hits you!
You die...

####.###.## #....# #......#
###.##.# ###.##.# #...# .#
#.##.# #.### .# #.##.#
##.## .# ######.##.#
####...###§# ..........#
#..?.$...§.#
#########.######.##.§.###.#
# #...<...@W...## .# #
#.######.##### .# # #.# #.#
.# # #.# #.# .# # #.# #.#
.# # #># #.# =# ### ∆ #..
#.# #.# ..# ### #.# #.# ..#
...


You could see a phantom (strong).

Vanquished Creatures
  A howler monkey zombie (D:4)
  An adder (D:2)
  An adder zombie (D:4)
  A worm (D:2)
  An orc (D:3)
  3 bats
  3 endoplasms (D:1)
  4 giant cockroaches
  6 hobgoblins
  4 jackals (D:1)
  A quokka (D:2)
  4 ball pythons
  A frilled lizard (D:2)
  4 goblins (D:1)
  10 kobolds
  4 rats
49 creatures vanquished.

Vanquished Creatures (collateral kills)
  A frilled lizard (D:1)
1 creature vanquished.

Grand Total: 50 creatures vanquished

Notes
Turn   | Place    | Note
-------+----------+-------------------------------------------
     0 | D:1      | Ablot the Gnoll Chaos Knight began the quest for the Orb.
     0 | D:1      | Reached XP level 1. HP: 23/23 MP: 1/1
   145 | D:1      | XOM: cast spell 'Call Canine Familiar'
   181 | D:1      | Reached XP level 2. HP: 29/29 MP: 2/2
   278 | D:1      | Found a faded altar of an unknown god.
   462 | D:1      | XOM: silly message
   666 | D:2      | XOM: stealth player
   684 | D:2      | Reached XP level 3. HP: 35/35 MP: 3/3
   761 | D:2      | Reached skill level 1 in Invocations
   958 | D:2      | XOM: divination: detect items
  1010 | D:2      | XOM: silly message
  1092 | D:2      | Reached skill level 1 in Long Blades
  1092 | D:2      | Reached skill level 1 in Axes
  1092 | D:2      | Reached skill level 1 in Maces & Flails
  1092 | D:2      | Reached skill level 1 in Polearms
  1092 | D:2      | Reached skill level 1 in Staves
  1092 | D:2      | Reached skill level 1 in Slings
  1092 | D:2      | Reached skill level 1 in Bows
  1092 | D:2      | Reached skill level 1 in Crossbows
  1092 | D:2      | Reached skill level 1 in Throwing
  1092 | D:2      | Reached skill level 1 in Stealth
  1092 | D:2      | Reached skill level 1 in Shields
  1092 | D:2      | Reached skill level 1 in Unarmed Combat
  1092 | D:2      | Reached skill level 1 in Spellcasting
  1092 | D:2      | Reached skill level 1 in Evocations
  1179 | D:2      | Found a stormy altar of Qazlal.
  1564 | D:2      | XOM: give mutations
  1564 | D:2      | Gained mutation: Your body sometimes deteriorates upon
                  | taking damage. [Xom's mischief]
  1564 | D:2      | Gained mutation: Your body often deteriorates upon taking
                  | damage. [Xom's mischief]
  1564 | D:2      | Gained mutation: You occasionally shout uncontrollably at
                  | your foes. [Xom's mischief]
  1603 | D:3      | Reached XP level 4. HP: 41/41 MP: 5/5
  1750 | D:3      | XOM: summons 3 hostile demons
  2543 | D:4      | XOM: 6-stop teleportation journey
  2606 | D:4      | Noticed a phantom
  2618 | D:4      | Found the ring of the Octopus King
  2626 | D:4      | Mangled by a phantom

Illustrated notes

Levels and vault maps discovered:
D:1:      saegor_arrival_simple_e, layout_rooms, chequers_ecumenical_altar_grove
D:2:      layout_basic, basic_altar, minmay_stone_trees_medium,
          minmay_misc_feat_columns, minmay_fractal_squares_gapless_5
D:3:      layout_basic, kennysheep_generic_room_16
D:4:      layout_loops_ring, lemuel_zombie_altar_yredelemnul, serial_shops,
          nicolae_diamond_shop

Skill      XL: |  1  2  3 |
---------------+----------+-----
Invocations    | 1 |  1.2
Long Blades    | 1 |  1.1
Axes           | 1 |  1.1
Maces & Flails | 1 |  1.1
Polearms       | 1 |  1.1
Staves         | 1 |  1.1
Slings         | 1 |  1.1
Bows           | 1 |  1.1
Crossbows      | 1 |  1.1
Throwing       | 1 |  1.1
Stealth        | 1 |  1.1
Shields        | 1 |  1.1
Unarmed Combat | 1 |  1.1
Spellcasting   | 1 |  1.1
Evocations     | 1 |  1.1
Fighting       | |  6.6
Short Blades   | |  6.6
Armour         | |  4.6
Dodging        | |  2.7
Conjurations   | |  0.9
Hexes          | |  0.9
Summonings     | |  0.9
Necromancy     | |  0.9
Translocations | |  0.9
Transmutations | |  0.9
Fire Magic     | |  0.9
Ice Magic      | |  0.9
Air Magic      | |  0.9
Earth Magic    | |  0.9
Poison Magic   | |  0.9

Action                   |  1- 3 |  4- 6 || total
-------------------------+-------+-------++-------
Melee: Short sword       |    96 |    97 ||   193
       Bite              |     6 |     4 ||    10
       Punch             |     1 |       ||     1
 Stab: Sleeping          |     3 |       ||     3
Armor: Leather armour    |    34 |    46 ||    80
Dodge: Dodged            |    52 |    76 ||   128
